 Dungeon Crawl Stone Soup version 0.27.1 (webtiles) character file.

Game seed: 17440313179159853023

1197 acemry the Basher (level 8, -1/46 HPs)
             Began as a Gargoyle Fighter on Sept 4, 2021.
             Was a Follower of Okawaru.
             Slain by an orc warrior (13 damage)
             ... on level 6 of the Dungeon.
             The game lasted 00:10:24 (7312 turns).

acemry the Basher (Gargoyle Fighter)                Turns: 7312, Time: 00:10:25

Health: -1/46      AC: 13    Str: 21    XL:     8   Next: 44%
Magic:  8/8        EV:  9    Int: 10    God:    Okawaru [*.....]
Gold:   186        SH:  4    Dex:  9    Spells: 7/7 levels left

rFire    . . .     SeeInvis .   a - +2 flail (vorpal)
rCold    . . .     Faith    .   k - +0 buckler
rNeg     + . .     Spirit   .   b - +1 scale mail
rPois    ∞         Reflect  .   (no helmet)
rElec    +         Harm     .   i - scarf {repulsion}
rCorr    .         Rampage  .   (no gloves)
Will     .....                  (no boots)
Stlth    ..........             (no amulet)
HPRegen  0.15/turn              (no ring)
MPRegen  0.11/turn              (no ring)

@: repel missiles
A: sickness immunity, AC +5, negative energy resistance 1, electricity
resistance, torment resistance 1, petrification resistance
a: Renounce Religion, Heroism


You were on level 6 of the Dungeon.
You worshipped Okawaru.
Okawaru was aware of your devotion.
You visited 2 branches of the dungeon, and saw 7 of its levels.

You collected 186 gold pieces.

Inventory:

Hand Weapons
 a - a +2 vorpal flail (weapon)
 o - a +0 flail
Missiles
 g - 46 poisoned darts (quivered)
Armour
 b - a +1 scale mail (worn)
 c - a +0 kite shield
 i - a scarf of repulsion (worn)
 k - a +0 buckler (worn)
Jewellery
 l - an amulet of regeneration
 v - an amulet of magic regeneration
Wands
 m - a wand of flame (13)
Scrolls
 f - 2 scrolls of enchant armour
 h - 2 scrolls of teleportation {unknown}
 r - a scroll of identify
 s - a scroll of enchant weapon {unknown}
Potions
 d - 2 potions of might
 e - 2 potions of haste
 j - 2 potions of attraction
 n - a potion of curing {unknown}
 p - a potion of flight {unknown}
 q - a potion of magic {unknown}
 t - a potion of degeneration {unknown}
 u - 2 potions of mutation {unknown}


   Skills:
 - Level 3.2 Fighting
 + Level 9.8 Maces & Flails
 - Level 3.2 Armour
 - Level 4.0 Shields


You had 7 spell levels left.
You didn't know any spells.
Your spell library contained the following spells:

 Spells                   Type           Power      Damage    Failure   Level
 Freeze                   Ice            0%         1d3       71%         1
 Summon Small Mammal      Summ           0%         N/A       71%         1
 Call Canine Familiar     Summ           0%         N/A       97%         3
 Frozen Ramparts          Ice            0%         1d2       97%         3
 Gell's Gravitas          Tloc           0%         N/A       97%         3
 Lesser Beckoning         Tloc           0%         N/A       97%         3
 Summon Guardian Golem    Hex/Summ       0%         N/A       97%         3
 Teleport Other           Tloc           0%         N/A       97%         3
 Hailstorm                Conj/Ice       0%         3d3       100%        4


Dungeon Overview and Level Annotations

Branches:
Dungeon (6/15)             Temple (1/1) D:4

Altars:
Ashenzari
Cheibriados
Dithmenos
Fedhas
Hepliaklqana
Kikubaaqudgha
Makhleb
Nemelex Xobeh
Okawaru
Qazlal
Ru
Sif Muna
Trog
Uskayaw
Vehumet
Wu Jian
Xom
Yredelemnul
Zin
The Shining One


Innate Abilities, Weirdness & Mutations

You are immune to sickness and miasma.
Your stone body is resilient. (AC +5)
You are immune to poison.
You resist negative energy. (rN+)
You are resistant to electric shocks. (rElec)
You are resistant to unholy torment.
You are immune to petrification.


Message History

Items here: ))) [ †.
You hit the orc priest.
The orc priest is severely wounded.
The orc priest looks satisfied for a moment.
You sock the orc priest!
You kill the orc priest!
Okawaru accepts your kill.
Items here: ))) †.
You hear the rusting of a distant drain.
Items here: ))) [ †.
You thump the orc wizard!
You kill the orc wizard!
Okawaru accepts your kill.
You feel a little less mighty now.
You closely miss the orc. You hit the orc warrior.
The orc warrior is lightly wounded.
You thump the orc warrior!
The orc warrior is severely wounded.
The orc warrior hits you but does no damage.
You hit the orc warrior but do no damage.
The orc warrior is severely wounded.
The orc warrior hits you with a +0 morningstar.
You completely miss the orc warrior.
The orc warrior is severely wounded.
The orc warrior hits you with a +0 morningstar.
* * * LOW HITPOINT WARNING * * *
You barely miss the orc warrior.
The orc warrior is severely wounded.
You block the orc warrior's attack.
You hit the orc warrior but do no damage.
The orc warrior is severely wounded.
The orc warrior hits you but does no damage.
You closely miss the orc warrior.
The orc warrior is severely wounded.
You block the orc warrior's attack.
You closely miss the orc warrior.
The orc warrior is severely wounded.
The orc warrior hits you with a +0 morningstar!
You die...

#.......#...#.........
#...o...#...#O...###.#
#.8...8o#...#....###
#...o...#............
##..o..####O#........
#8...8####.#........
##.).###............
##)######..........
#oo@).............
########.#...##...
#.#.!..... .......##
.g....... #g#g.....
......... ......


You could see an orc warrior and an orc.

Vanquished Creatures
  An orc warrior (D:6)
  A black bear (D:6)
  3 ogres
  Blork the orc (D:5)
  A bullfrog (D:6)
  3 water moccasin skeletons
  A bullfrog zombie (D:5)
  2 orc priests
  An iguana (D:4)
  An iron imp (D:3)
  A scorpion zombie (D:5)
  Natasha (thrice) (D:3)
  2 orc wizards
  2 adders
  4 gnolls (D:6)
  An adder skeleton (D:4)
  2 worms
  4 dart slugs
  21 orcs
  5 ball pythons
  9 endoplasms
  3 giant cockroaches
  3 goblins
  4 hobgoblins
  4 jackals (D:3)
  5 kobolds
  3 quokkas
  8 bats
  8 frilled lizards
  A rat (D:1)
108 creatures vanquished.

Notes
Turn   | Place    | Note
-------+----------+-------------------------------------------
     0 | D:1      | acemry the Gargoyle Fighter began the quest for the Orb.
     0 | D:1      | Reached XP level 1. HP: 14/14 MP: 1/1
   185 | D:1      | Reached XP level 2. HP: 14/19 MP: 2/2
   356 | D:1      | Reached skill level 3 in Maces & Flails
   591 | D:1      | Reached XP level 3. HP: 20/23 MP: 3/3
  1401 | D:2      | Found a faded altar of an unknown god.
  1842 | D:2      | Reached skill level 4 in Maces & Flails
  1842 | D:2      | Reached XP level 4. HP: 21/28 MP: 4/4
  2346 | D:3      | Found a snail-covered altar of Cheibriados.
  2555 | D:3      | Found a hazy altar of Hepliaklqana.
  2746 | D:3      | Found a stormy altar of Qazlal.
  2771 | D:3      | Noticed Natasha
  2781 | D:3      | Killed Natasha
  2782 | D:3      | Reached skill level 5 in Maces & Flails
  2782 | D:3      | Reached XP level 5. HP: 17/32 MP: 5/5
  2887 | D:3      | Noticed Natasha
  2898 | D:3      | Killed Natasha
  3098 | D:3      | Noticed Natasha
  3107 | D:3      | Killed Natasha
  3233 | D:3      | Found a broken altar of Ashenzari.
  3616 | D:4      | Reached skill level 6 in Maces & Flails
  3616 | D:4      | Reached XP level 6. HP: 14/37 MP: 6/6
  3961 | D:4      | Found a sacrificial altar of Ru.
  4036 | D:4      | Found a staircase to the Ecumenical Temple.
  4061 | Temple   | Entered the Ecumenical Temple
  4685 | D:4      | Found an iron altar of Okawaru.
  4733 | D:4      | Became a worshipper of Warmaster Okawaru
  5058 | D:4      | Reached skill level 7 in Maces & Flails
  5366 | D:5      | Entered Level 5 of the Dungeon
  5380 | D:5      | Noticed Blork the orc
  5390 | D:5      | Killed Blork the orc
  5391 | D:5      | Reached XP level 7. HP: 30/41 MP: 7/7
  5541 | D:5      | Found a glowing golden altar of the Shining One.
  5679 | D:5      | Found a blossoming altar of Fedhas.
  6688 | D:5      | Reached * piety under Okawaru
  6689 | D:5      | Reached skill level 8 in Maces & Flails
  7118 | D:6      | Reached XP level 8. HP: 23/46 MP: 8/8
  7126 | D:6      | Reached skill level 9 in Maces & Flails
  7169 | D:6      | Found a runed translucent door.
  7241 | D:6      | HP: 1/46 [orc warrior (14)]
  7312 | D:6      | Slain by an orc warrior

Illustrated notes

Levels and vault maps discovered:
D:1:      scummos_arrival_gate, layout_basic
D:2:      layout_loops_ring, serial_bayou, serial_bayou_crossing,
          serial_bayou_lake_a, serial_bayou_shore_b, serial_bayou_pond_d,
          hellmonk_ecumenical_altar_arch_garden, corexii_item_surrounded_by_moat
D:3:      layout_loops_ring, lemuel_crystal_altar, nzn_hepliaklqana_mist_gate,
          nicolae_qazlal_scattered_showers, slow_altar_1, uniq_natasha
D:4:      layout_basic, mainiacjoe_overflow_alcove_1, hangedman_ru_absence,
          minmay_temple_entry_wispy, guppyfry_early_lair_pool
D:5:      layout_layer_cave, lemuel_crystal_altar,
          nicolae_overflow_crystal_walls, serial_co_window_serial,
          co_window_paths_a, co_window_paths_a, co_window_corner_a,
          co_window_cross_1, co_window_paths_a, co_window_corner_a,
          co_window_corner_a, co_window_corner_a, co_window_corner_a,
          co_window_corner_b, co_window_of_opportunity_b,
          co_window_unsneaky_path_c, co_window_corner_ca, co_window_2corner,
          co_window_unsneaky_path_c, co_window_of_opportunity_c,
          glass_columns_a, minmay_misc_feat_diagonals, minmay_misc_feat_pillars,
          uniq_blork_the_orc
D:6:      layout_basic, serial_shops, nicolae_take_the_stairs,
          kennysheep_little_box, cheibrodos_sewer_entry_bend,
          lightli_church_of_beogh, uniq_grinder
Temple:   minmay_temple_bridge_abc

Skill      XL: |  1  2  3  4  5  6  7  8 |
---------------+-------------------------+-----
Maces & Flails | 3 4 5 6 7 8 9 |  9.8
Shields        | 4 |  4.0
Fighting       | |  3.2
Armour         | |  3.2

Action                   |  1- 3 |  4- 6 |  7- 9 || total
-------------------------+-------+-------+-------++-------
Melee: Flail             |   133 |   200 |   111 ||   444
  Use: Scroll            |     1 |     5 |       ||     6
       Potion            |       |     1 |     3 ||     4
Armor: Scale mail        |    95 |   142 |    36 ||   273
Dodge: Dodged            |    67 |   146 |    39 ||   252
       Repelled          |       |     1 |       ||     1
Block: Buckler           |       |     2 |    24 ||    26
